 Dungeon Crawl Stone Soup version 0.24.0-13-gcf9b319 (webtiles) character file.

Game seed: 13797676797574229041, levelgen mode: deterministic

51 Bronimir the Gusty (level 3, -1/19 HPs)
             Began as a Tengu Air Elementalist on Mar 26, 2020.
             Slain by a gnoll
             ... wielding a +0 flail
              (9 damage)
             ... on level 2 of the Dungeon.
             The game lasted 00:02:54 (1350 turns).

Bronimir the Gusty (Tengu Air Elementalist)         Turns: 1350, Time: 00:02:54

Health: -1/19      AC:  2    Str:  8    XL:     3   Next: 83%
Magic:  1/7        EV: 12    Int: 16    God:
Gold:   110        SH:  0    Dex: 14    Spells: 0/6 levels left

rFire    . . .     SeeInvis .   a - +2 short sword (elec)
rCold    . . .     Gourm    .   (no shield)
rNeg     . . .     Faith    .   q - +0 robe
rPois    .         Spirit   .   (helmet restricted)
rElec    .         Reflect  .   (no cloak)
rCorr    .         Harm     .   (no gloves)
MR       .....                  (boots unavailable)
Stlth    ++........             (no amulet)
HPRegen  0.06/turn              (no ring)
MPRegen  0.10/turn              (no ring)

@: very slightly contaminated
A: beak, talons 3
a: no special abilities


You were on level 2 of the Dungeon.
You were hungry.

You visited 1 branch of the dungeon, and saw 2 of its levels.

You collected 110 gold pieces.

Inventory:

Hand Weapons
 a - a +2 short sword of electrocution (weapon)
 b - a +0 hunting sling
 h - a +0 club
 p - a +0 dagger
Missiles
 d - 30 stones (quivered)
Armour
 q - a +0 robe (worn)
Jewellery
 l - an uncursed ring of fire {unknown}
Scrolls
 f - 2 scrolls of fog {unknown}
 i - 2 scrolls of remove curse {unknown}
 m - a scroll of teleportation {unknown}
 o - a scroll of random uselessness {unknown}
 r - a scroll of identify {unknown}
Potions
 e - a potion of haste {unknown}
 j - 2 potions of agility {unknown}
 k - a potion of flight {unknown}
 n - a potion of brilliance {unknown}
Comestibles
 c - 3 rations
 g - 2 chunks of flesh


   Skills:
 + Level 0.2 Fighting
 + Level 2.2 Dodging
 - Level 2.0 Stealth
 + Level 0.1 Unarmed Combat
 * Level 2.2 Spellcasting
 * Level 1.6 Conjurations
 * Level 5.6 Air Magic


You couldn't memorise any spells.
You knew the following spells:

 Your Spells              Type           Power        Failure   Level  Hunger
a - Shock                 Conj/Air       ##..         4%          1    #......
b - Swiftness             Chrm/Air       ##......     10%         2    ###....
c - Static Discharge      Conj/Air       ##......     13%         3    ###....

Your spell library contained the following spells:

 Spells                   Type           Power        Failure   Level  Hunger
 Airstrike                Air            ###.......   19%         4    #####..
 Lightning Bolt           Conj/Air       ##........   77%         5    ######.


Dungeon Overview and Level Annotations

Branches:
Dungeon (2/15)

Altars:


Innate Abilities, Weirdness & Mutations

You have a beak for a mouth.
You have claws for feet.


Message History

You barely miss the gnoll. You peck the gnoll, but do no damage.
The gnoll is moderately wounded.
The gnoll barely misses you.
You hit the gnoll. You claw the gnoll.
The gnoll is almost dead.
The gnoll hits you.
You closely miss the gnoll. Your peck misses the gnoll.
The gnoll is almost dead.
The gnoll misses you.
You barely miss the gnoll.
The gnoll is almost dead.
The gnoll hits you. The gnoll misses you.
You hit the gnoll. Lightning courses through the gnoll!
You kill the gnoll!
Casting: Static Discharge (safe; 13% risk of failure)
Confirm with . or Enter, or press ? or * to list all spells.
You don't have enough magic to cast that spell.
Unknown command.
The gnoll hits you with a +0 flail!
You die...

###### .....#
.....# .....#
#######.....#
#>.@gg†g....#
#.#####.....#
#.###########
#####...........
#.............#
######.##.#####
...##)# ###.##.#
#.##.#


You could see 3 gnolls.

Vanquished Creatures
  A gnoll (D:2)
  An adder (D:2)
  An ooze (D:1)
  A dart slug (D:1)
  A leopard gecko (D:1)
  3 giant cockroaches
  3 goblins (D:1)
  3 hobgoblins (D:1)
  2 bats (D:1)
  4 frilled lizards (D:1)
  6 kobolds
  A rat (D:1)
27 creatures vanquished.

Notes
Turn   | Place    | Note
-------+----------+-------------------------------------------
     0 | D:1      | Bronimir the Tengu Air Elementalist began the quest for the
                  | Orb.
     0 | D:1      | Reached XP level 1. HP: 10/10 MP: 4/4
   343 | D:1      | Reached XP level 2. HP: 13/15 MP: 0/6
   398 | D:1      | Learned a level 2 spell: Swiftness
   449 | D:1      | Reached skill level 5 in Air Magic
   704 | D:1      | Reached XP level 3. HP: 19/19 MP: 2/7
   920 | D:1      | Learned a level 3 spell: Static Discharge
  1350 | D:2      | Slain by a gnoll

Levels and vault maps discovered:
D:1:      tarquinn_simple_flora_water_e, layout_basic, serial_bayou,
          serial_bayou_pond_e, serial_bayou_lagoon_a, serial_bayou_lake_a,
          serial_bayou_pond_c, serial_bayou_ford_a
D:2:      layout_basic, yredelemnul_altar_generic,
          nicolae_dithmenos_through_a_glass_darkly,
          lemuel_coloured_pillars_altar, nicolae_tso_swordbearing_angel

Skill      XL: |  1  2 |
---------------+-------+-----
Air Magic      | 5 |  5.6
Fighting       | |  0.2
Dodging        | |  2.2
Stealth        | |  2.0
Unarmed Combat | |  0.1
Spellcasting   | |  2.2
Conjurations   | |  1.6

Action                   || total
-------------------------++-------
Melee: Unarmed           ||     5
       Dagger            ||    11
       Kick              ||     6
       Peck              ||     5
       Short sword       ||     6
       Club              ||     2
 Cast: Shock             ||    47
       Static Discharge  ||     2
  Eat: Chunk             ||     2
Armor: Robe              ||    10
Dodge: Dodged            ||    28
